Map: Proxima Station LE

Players

Lillekanin

  • Race: Terran Terran
  • Spawn Location: 7:00

Stephano - Winner!

  • Race: Zerg Zerg
  • Spawn Location: 1:00

Event: WCS Jonkoping 2017

VOD

Have the link to the VOD?

Description

Time

  • Played on: June 17, 2017, 12:59 p.m.
  • Length: 33:49

All games in this series

Show
View Real Time Build Order
Export as new Build Order

Lillekanin Terran 

Build Orders: Liberator Opening, Mech 

Get SALT Encoding   

  12  0:00  SCV  
  13  0:12  SCV  
  14  0:22  Supply Depot  
  14  0:25  SCV  
  15  0:29  Refinery  
  15  0:43  SCV  
  15  0:46  Barracks  
  16  0:55  SCV  
  17  1:07  SCV  
  18  1:19  SCV  
  20  1:33  Orbital Command  
  20  1:34  Marine  
  20  1:45  Command Center  
  20  1:56  Factory  
  20  1:59  SCV  
  21  2:04  Barracks Reactor  
  21  2:11  SCV  
  21  2:14  Supply Depot  
  22  2:21  Refinery  
  22  2:23  SCV  
  23  2:36  SCV  
  24  2:40  Starport  
  24  2:49  Hellion x2  
  28  2:51  SCV  
  29  3:00  Orbital Command  
  29  3:04  Marine  
  30  3:07  SCV  
  30  3:12  Hellion  
  33  3:16  Hellion  
  35  3:20  Medivac  
  35  3:24  SCV  
  35  3:26  SCV  
  39  3:34  Liberator  
  39  3:36  SCV  
  39  3:38  SCV  
  41  3:45  Supply Depot  
  41  3:48  SCV  
  42  3:50  SCV  
  46  4:07  SCV  
  46  4:08  SCV  
  46  4:09  Command Center  
  48  4:14  Supply Depot  
  50  4:19  SCV  
  50  4:23  SCV  
  50  4:25  Liberator, Factory  
  50  4:28  Factory  
  50  4:31  SCV  
  51  4:35  SCV, Refinery  
  51  4:36  Refinery  
  52  4:43  SCV  
  56  4:48  SCV  
  57  4:56  SCV  
  57  4:58  Armory  
  55  5:00  Hellion, SCV  
  56  5:08  SCV  
  56  5:09  Factory Tech Lab  
  56  5:11  Factory Tech Lab  
  56  5:12  SCV  
  58  5:20  SCV  
  59  5:22  Orbital Command  
  59  5:23  Command Center  
  59  5:26  SCV  
  59  5:28  Starport Tech Lab  
  60  5:33  Siege Tank, SCV  
  64  5:38  SCV, Armory  
  65  5:45  Siege Tank, SCV  
  65  5:48  Terran Vehicle Weapons Level 1  
  70  5:50  SCV  
  70  5:52  SCV  
  72  5:57  SCV  
  72  5:58  Orbital Command  
  72  6:02  Hellion x2  
  76  6:04  SCV  
  76  6:11  Cloaking Field  
  77  6:17  Supply Depot  
  77  6:18  Banshee  
  77  6:19  SCV  
  77  6:20  Supply Depot  
  81  6:26  SCV  
  81  6:28  SCV, Factory x2  
  81  6:31  SCV  
  84  6:38  SCV  
  85  6:42  Orbital Command  
  85  6:44  Refinery  
  85  6:45  Thor, Refinery  
  91  6:48  SCV  
  91  6:52  SCV x2  
  94  6:55  Supply Depot  
  94  6:58  Supply Depot  
  94  7:00  SCV  
  95  7:01  Infernal Pre-Igniter  
  95  7:03  Hellion  
  95  7:04  Hellion, SCV x2  
  95  7:08  Terran Vehicle And Ship Armor Level 1  
  101  7:10  SCV  
  101  7:12  SCV  
  101  7:13  Factory Tech Lab  
  103  7:16  SCV, Factory Reactor  
  103  7:17  SCV, Supply Depot  
  103  7:22  SCV  
  106  7:24  SCV  
  106  7:25  Siege Tank  
  106  7:26  Hellion  
  106  7:28  SCV, Viking  
  106  7:29  SCV  
  116  7:34  SCV  
  116  7:35  Engineering Bay  
  116  7:36  SCV  
  118  7:39  Siege Tank  
  118  7:40  SCV  
  118  7:42  Siege Tank  
  125  7:46  Hellion  
  125  7:47  Supply Depot  
  123  7:53  Hellion  
  123  7:57  Siege Tank  
  128  7:59  Banshee  
  128  8:04  Terran Vehicle Weapons Level 2  
  131  8:06  Supply Depot  
  131  8:07  Supply Depot  
  131  8:10  Hellion x2  
  135  8:16  Siege Tank  
  135  8:17  Hellion x2  
  142  8:20  SCV  
  140  8:27  Hellion  
  140  8:30  Hellion  
  140  8:31  SCV  
  140  8:33  Hellion  
  145  8:41  Orbital Command  
  145  8:44  Command Center  
  145  8:45  Banshee  
  145  8:46  SCV  
  145  8:47  SCV  
  150  8:51  SCV  
  150  8:54  Missile Turret  
  151  8:55  Siege Tank  
  151  8:56  Hellion, Missile Turret  
  151  8:57  Hellion  
  151  8:58  SCV  
  156  9:06  Missile Turret  
  156  9:07  Missile Turret  
  156  9:08  Missile Turret  
  156  9:13  Siege Tank, Hellion x2  
  157  9:18  SCV  
  157  9:19  Siege Tank, SCV x3  
  157  9:24  Terran Vehicle And Ship Armor Level 2  
  164  9:31  Starport  
  164  9:33  Starport  
  164  9:38  Siege Tank  
  167  9:39  Refinery  
  167  9:40  Refinery  
  167  9:42  Viking  
  169  9:46  SCV  
  169  9:47  Missile Turret  
  169  9:50  Missile Turret  
  169  9:51  Missile Turret  
  169  9:52  Missile Turret  
  170  9:55  Supply Depot  
  170  9:56  Supply Depot  
  170  9:58  Supply Depot  
  170  10:01  SCV  
  170  10:04  Hellion  
  170  10:11  Hellion  
  170  10:13  Thor, Viking x2  
  182  10:19  Raven  
  180  10:25  Hellion x2  
  180  10:26  Terran Vehicle Weapons Level 3  
  184  10:40  Missile Turret  
  184  10:42  Missile Turret  
  184  10:43  Missile Turret, Viking x2  
  184  10:45  Sensor Tower  
  184  10:48  Hellion  
  190  10:50  Siege Tank  
  190  10:54  Missile Turret  
  181  11:09  Thor x2, Starport  
  181  11:10  Starport  
  192  11:13  Viking  
  192  11:21  Starport Tech Lab  
  192  11:25  Siege Tank  
  192  11:26  Hellion x2  
  199  11:37  Starport Tech Lab  
  194  11:49  Viking  
  196  12:00  Thor  
  200  12:04  Corvid Reactor  
  200  12:06  Starport Tech Lab x2  
  200  12:07  Sensor Tower  
  200  12:09  Missile Turret  
  200  12:10  Missile Turret  
  200  12:11  Refinery  
  200  12:12  Refinery  
  200  12:15  Sensor Tower  
  198  12:18  Missile Turret  
  198  12:24  Recalibrated Explosives  
  198  12:39  Planetary Fortress, Command Center  
  200  12:45  Raven x3  
  197  12:54  Missile Turret  
  197  12:55  Missile Turret x2  
  197  12:59  Missile Turret  
  197  13:00  Missile Turret  
  197  13:02  Missile Turret  
  197  13:11  Siege Tank, Hellion x2  
  186  13:13  Thor x2  
  198  13:22  Missile Turret x2  
  198  13:23  Missile Turret x2  
  198  13:28  Raven  
  200  13:41  Missile Turret  
  200  13:48  Terran Vehicle And Ship Armor Level 3  
  200  13:49  Terran Ship Weapons Level 1  
  190  14:03  Starport Tech Lab  
  190  14:06  Fusion Core  
  190  14:09  Raven x2  
  190  14:10  Thor  
  190  14:11  Missile Turret  
  198  14:19  Command Center  
  198  14:21  Command Center  
  195  14:27  Missile Turret  
  195  14:28  Missile Turret  
  192  14:33  Raven x2  
  195  14:43  Missile Turret  
  195  14:44  Siege Tank  
  195  14:45  Missile Turret  
  198  14:47  Missile Turret  
  198  14:52  Raven x2  
  195  15:02  Missile Turret  
  195  15:04  Missile Turret  
  195  15:09  Building Armor  
  195  15:16  Raven  
  191  15:29  Missile Turret  
  191  15:31  Raven  
  193  15:41  Missile Turret  
  193  15:43  Missile Turret  
  193  15:52  Planetary Fortress  
  186  16:05  Thor  
  186  16:08  Thor  
  198  16:17  Missile Turret  
  198  16:18  Orbital Command x2  
  190  16:35  Missile Turret, Raven  
  190  16:36  Raven  
  190  16:38  Missile Turret  
  190  16:39  Missile Turret  
  194  16:41  Missile Turret, Command Center  
  194  16:43  Raven  
  194  16:44  Weapon Refit  
  194  16:45  Terran Ship Weapons Level 2  
  196  16:49  Hi-Sec Auto Tracking  
  196  17:05  Missile Turret  
  196  17:18  Liberator  
  196  17:19  Raven  
  196  17:34  Hyperflight Rotors, Advanced Ballistics  
  188  18:25  Thor x2  
  198  18:33  Missile Turret  
  198  18:51  Refinery  
  198  18:56  Command Center  
  198  18:57  Refinery  
  198  18:59  Missile Turret  
  198  19:02  Missile Turret  
  198  19:14  Terran Ship Weapons Level 3  
  198  19:16  Missile Turret x3  
  192  19:32  Raven x2  
  181  19:41  Hellion  
  181  19:42  Hellion x2  
  181  19:43  Banshee  
  181  19:44  Banshee  
  181  19:51  Missile Turret  
  179  20:15  Banshee x2  
  185  20:27  Missile Turret  
  185  20:28  Raven x2  
  185  20:29  Missile Turret  
  185  20:30  Siege Tank, Thor  
  185  20:31  Missile Turret  
  179  20:58  Banshee x2  
  181  21:11  Thor x2, Banshee  
  181  21:33  Raven  
  183  21:41  Raven x2  
  183  21:44  Hellion x2  
  191  21:54  Raven  
  193  21:58  Hellion x2  
  193  22:00  SCV  
  196  22:06  SCV  
  188  22:15  Missile Turret x3  
  182  22:16  Missile Turret  
  182  22:23  Hellion x2  
  183  22:44  Raven x2  
  183  22:46  SCV  
  183  22:50  Refinery  
  186  23:08  Raven  
  188  23:16  Refinery  
  188  23:18  Planetary Fortress  
  186  23:22  Hellion x2  
  186  23:26  SCV  
  185  23:39  Raven  
  187  24:04  Hellion x2  
  187  24:05  Hellion x2  
  195  24:16  Raven x2  
  199  24:30  Raven  
  199  24:42  Command Center  
  178  25:05  Banshee x2  
  184  25:10  Siege Tank x2  
  184  25:12  Hellion x2  
  192  25:25  Hellion  
  192  25:26  Hellion x2  
  192  25:33  Hellion  
  194  25:42  Hellion x3  
  197  25:54  Missile Turret x2  
  191  26:15  Thor  
  197  26:33  Sensor Tower  
  197  26:34  Hellion  
  199  26:49  Raven  
  183  27:08  Hellion x4  
  191  27:25  Hellion x2  
  191  27:26  Hellion  
  191  27:29  Hellion x2  
  193  27:39  Hellion  
  193  27:58  Hellion  
  181  28:06  Hellion x2  
  181  28:07  Hellion x3  
  176  28:35  Hellion x3, Raven x3  
  188  28:49  Hellion  
  190  28:59  Hellion x4  
  192  29:08  Hellion x2  
  196  29:11  Hellion  
  197  29:20  Hellion  
  190  29:26  Thor  
  191  29:41  SCV  
  171  29:46  Hellion x2  
  171  29:47  Hellion x3  
  154  30:03  Hellion  
  142  30:07  Hellion x2  
  142  30:08  Hellion  
  142  30:09  Hellion  
  142  30:13  Planetary Fortress  
  146  30:17  Hellion, Refinery  
  146  30:18  Hellion  
  146  30:19  Refinery  
  150  30:25  Hellion  
  149  30:29  Hellion  
  151  30:41  Hellion  
  151  30:42  Hellion  
  151  30:44  Hellion x2, SCV  
  151  30:45  SCV x2  
  156  30:57  SCV x3  
  139  30:59  Hellion  
  135  31:07  Hellion  
  135  31:09  SCV  
  113  31:27  Hellion x6  
  113  31:29  SCV x3  
  113  31:30  SCV  
  103  31:41  SCV  
  103  31:42  SCV x2  
  104  31:48  Starport  
  104  31:50  Starport  
  104  31:52  Starport  
  78  32:21  Orbital Command  
  78  32:31  Viking x3  
  74  33:01  Viking x2  
  87  33:10  SCV x2  
  89  33:21  SCV  
Show
View Real Time Build Order
Export as new Build Order

Stephano Zerg - Winner!

Build Orders: Hatch First 

Get SALT Encoding   

  12  0:01  Drone  
  13  0:13  Overlord  
  13  0:18  Drone  
  14  0:31  Drone x2  
  14  0:35  Drone  
  17  0:53  Hatchery  
  17  0:55  Drone  
  17  0:59  Drone  
  18  1:09  Extractor  
  17  1:14  Spawning Pool  
  17  1:16  Drone  
  17  1:20  Drone  
  18  1:29  Drone  
  19  1:40  Drone  
  20  1:50  Overlord  
  20  2:01  Queen  
  20  2:04  Queen  
  20  2:06  Drone x2  
  26  2:12  Metabolic Boost  
  26  2:13  Zergling x2  
  27  2:17  Zergling x2  
  28  2:23  Drone  
  28  2:28  Drone  
  30  2:34  Drone  
  31  2:37  Queen, Drone  
  34  2:47  Hatchery  
  34  2:48  Drone  
  34  2:53  Overlord  
  34  2:55  Drone  
  35  3:02  Drone  
  36  3:08  Overlord  
  36  3:13  Drone x3  
  36  3:14  Drone x2  
  36  3:17  Queen  
  43  3:22  Overlord  
  43  3:24  Drone  
  44  3:28  Zergling x2  
  44  3:32  Queen  
  47  3:34  Drone  
  47  3:36  Drone  
  47  3:39  Overlord  
  49  3:44  Zergling x2  
  49  3:45  Drone x2  
  49  3:46  Drone  
  49  3:48  Drone  
  54  3:51  Overlord  
  54  3:54  Drone  
  55  3:56  Drone  
  55  4:00  Zergling x2  
  55  4:02  Drone  
  58  4:05  Drone  
  58  4:06  Queen  
  61  4:10  Drone x2  
  61  4:14  Overlord  
  61  4:16  Spore Crawler  
  62  4:19  Spore Crawler  
  62  4:20  Spore Crawler  
  62  4:23  Zergling x2  
  61  4:27  Drone x2  
  61  4:28  Overlord  
  61  4:30  Zergling x2  
  65  4:31  Drone x3  
  65  4:36  Evolution Chamber  
  65  4:37  Evolution Chamber  
  64  4:41  Drone x4  
  66  4:46  Queen  
  66  4:49  Overlord  
  66  4:51  Drone  
  69  4:58  Drone  
  69  4:59  Drone x2  
  72  5:04  Drone  
  69  5:09  Zerg Ground Armor Level 1, Zerg Missile Weapons Level 1  
  69  5:10  Drone x6  
  69  5:12  Drone  
  76  5:18  Overlord  
  76  5:19  Overlord  
  76  5:20  Drone x2  
  78  5:21  Extractor  
  78  5:22  Extractor  
  78  5:26  Drone x2  
  78  5:27  Extractor  
  77  5:29  Extractor  
  77  5:30  Extractor, Overlord  
  75  5:36  Roach Warren, Overlord  
  75  5:37  Drone x2  
  75  5:38  Drone  
  75  5:39  Drone  
  78  5:43  Drone x2  
  80  5:51  Overlord  
  80  5:55  Overlord  
  80  5:56  Drone x3  
  82  5:59  Overlord  
  82  6:01  Spore Crawler  
  82  6:03  Overlord  
  83  6:04  Lair, Drone  
  83  6:06  Drone x3  
  83  6:09  Queen  
  87  6:20  Overlord  
  87  6:22  Overlord  
  87  6:25  Roach x2  
  91  6:28  Roach  
  91  6:30  Roach x2  
  97  6:34  Roach x2  
  97  6:36  Drone  
  97  6:37  Drone  
  97  6:38  Drone  
  104  6:40  Hatchery  
  102  6:48  Overlord  
  102  6:53  Overlord  
  102  6:54  Drone x4  
  106  7:09  Zerg Missile Weapons Level 2, Zerg Ground Armor Level 2  
  106  7:10  Infestation Pit, Hydralisk Den  
  106  7:12  Hatchery  
  106  7:15  Pneumatized Carapace  
  103  7:40  Hydralisk x11  
  103  7:42  Muscular Augments  
  124  7:54  Drone x5  
  124  7:55  Drone x4  
  133  8:02  Hive  
  132  8:08  Extractor, Queen, Drone x2  
  132  8:09  Extractor  
  132  8:12  Hydralisk x4  
  132  8:14  Drone x2  
  132  8:16  Spore Crawler  
  132  8:17  Overseer  
  141  8:27  Hydralisk x3  
  141  8:28  Hydralisk x2  
  141  8:29  Drone x3  
  141  8:30  Drone  
  155  8:35  Hydralisk x2  
  155  8:36  Hydralisk  
  161  8:46  Spore Crawler  
  160  8:53  Drone x2  
  160  8:54  Drone x3  
  163  9:00  Hydralisk x4  
  163  9:02  Zergling x14  
  178  9:03  Zergling x8  
  178  9:08  Extractor  
  178  9:09  Extractor  
  180  9:13  Queen  
  180  9:15  Viper x3  
  189  9:22  Zergling x12, Spire  
  194  9:43  Zerg Ground Armor Level 3, Zerg Missile Weapons Level 3  
  194  9:54  Drone x3  
  194  9:58  Spine Crawler x2  
  194  9:59  Spore Crawler, Drone x5  
  199  10:00  Spine Crawler  
  196  10:21  Spine Crawler  
  196  10:22  Spine Crawler  
  196  10:23  Spore Crawler, Spine Crawler  
  196  10:25  Drone x3  
  194  10:31  Overlord  
  194  10:39  Zerg Flyer Armor Level 1  
  194  10:41  Spire  
  193  10:45  Viper  
  193  10:48  Overseer x3  
  193  10:58  Viper x2  
  193  11:06  Hydralisk x3  
  199  11:22  Evolution Chamber  
  199  11:23  Evolution Chamber  
  197  11:37  Burrow  
  197  11:38  Drone  
  185  11:54  Greater Spire  
  184  12:02  Corruptor x7  
  197  12:19  Spine Crawler  
  196  12:25  Spine Crawler  
  195  12:30  Zerg Melee Weapons Level 1  
  195  12:31  Adrenal Glands  
  173  13:14  Hydralisk x8  
  173  13:19  Zerg Flyer Armor Level 2  
  189  13:20  Zerg Flyer Weapons Level 1  
  189  13:42  Hatchery  
  184  14:22  Zergling x2  
  185  14:27  Zergling x2  
  168  14:58  Drone x2  
  168  14:59  Drone x3  
  173  15:01  Drone x2  
  173  15:02  Drone x3  
  173  15:03  Corruptor x2  
  182  15:07  Corruptor x2  
  182  15:09  Zerg Melee Weapons Level 2  
  182  15:10  Hatchery  
  182  15:13  Spine Crawler x2  
  183  15:16  Zerg Flyer Weapons Level 2  
  183  15:17  Spine Crawler  
  180  15:39  Spine Crawler, Drone x3  
  180  15:41  Extractor  
  180  15:42  Extractor  
  147  16:05  Viper x2  
  147  16:07  Hydralisk x12  
  147  16:09  Zergling x2  
  147  16:10  Zergling x24  
  184  16:12  Zerg Flyer Armor Level 3  
  181  16:29  Viper  
  181  16:31  Drone x2  
  186  16:46  Evolution Chamber  
  186  16:47  Drone  
  186  16:49  Drone x3, Spine Crawler  
  186  16:50  Extractor x2  
  174  17:06  Hydralisk x11  
  196  17:10  Drone x3  
  196  17:11  Spine Crawler, Drone  
  196  17:12  Drone  
  200  17:26  Zerg Melee Weapons Level 3  
  200  17:31  Spine Crawler x2  
  200  17:35  Spine Crawler  
  197  17:38  Hydralisk  
  199  17:55  Spore Crawler  
  199  17:56  Evolution Chamber  
  196  17:58  Spore Crawler  
  196  17:59  Evolution Chamber  
  196  18:00  Spore Crawler  
  196  18:01  Spore Crawler  
  174  18:22  Corruptor  
  174  18:23  Corruptor x5  
  178  18:43  Zerg Flyer Weapons Level 3  
  178  18:50  Hatchery  
  171  19:05  Brood Lord x4  
  181  19:10  Brood Lord  
  181  19:13  Ultralisk Cavern  
  179  19:37  Drone  
  179  19:38  Drone x2  
  180  19:40  Drone x2  
  180  19:41  Drone x3  
  180  19:45  Spore Crawler  
  184  19:48  Queen x2  
  188  19:57  Viper x3  
  193  20:02  Chitinous Plating  
  171  21:08  Viper  
  174  21:13  Pathogen Glands  
  163  21:34  Queen x2  
  165  21:41  Drone  
  165  21:42  Drone x8  
  165  21:47  Corruptor x7  
  173  21:58  Drone x4  
  173  21:59  Drone x2  
  172  22:05  Extractor  
  171  22:09  Neural Parasite  
  171  22:16  Extractor  
  171  22:21  Spore Crawler  
  169  22:22  Spore Crawler x2  
  169  22:23  Spore Crawler  
  169  22:24  Spore Crawler  
  169  22:27  Spore Crawler x2  
  161  22:47  Zergling x10  
  166  22:53  Zergling x26  
  166  22:55  Drone x2  
  166  22:56  Drone x4  
  166  22:57  Hatchery  
  184  23:00  Extractor  
  184  23:05  Extractor, Hydralisk x4  
  170  23:07  Spore Crawler  
  170  23:10  Spore Crawler  
  173  23:15  Zergling x22  
  173  23:16  Zergling x2  
  179  23:24  Drone x3  
  174  23:28  Infestor  
  174  23:29  Infestor x2  
  174  23:30  Hydralisk x5  
  174  23:31  Hydralisk x2  
  176  24:15  Infestor x4  
  182  24:23  Overseer x2  
  182  24:24  Spore Crawler  
  155  25:02  Brood Lord  
  155  25:03  Brood Lord x2  
  165  25:07  Roach x2  
  162  25:27  Spore Crawler, Hatchery  
  162  25:28  Spore Crawler  
  155  25:29  Spore Crawler x2, Overlord  
  155  25:30  Spore Crawler  
  155  25:31  Drone x10  
  161  25:38  Spore Crawler x2  
  114  26:21  Infestor x3  
  114  26:24  Zergling x10  
  114  26:25  Hydralisk x2, Zergling x10  
  130  26:26  Hydralisk x3  
  130  26:27  Viper x2  
  146  26:55  Hydralisk x7  
  146  26:59  Zergling x2  
  146  27:00  Zergling x14  
  146  27:01  Queen  
  168  27:02  Overlord x3  
  162  27:33  Zergling x2  
  162  27:34  Zergling x26  
  172  27:38  Corruptor  
  172  27:39  Brood Lord x3  
  166  27:58  Drone x7  
  165  28:00  Drone x3  
  165  28:01  Drone x2  
  133  28:27  Ultralisk x7  
  154  28:29  Drone x2  
  154  28:30  Drone x3  
  154  28:31  Hatchery  
  154  28:33  Drone x4  
  154  28:34  Drone x3  
  176  28:35  Drone  
  176  28:36  Drone x3  
  176  28:38  Drone x3  
  182  29:02  Zergling x2  
  183  29:08  Drone x7  
  190  29:19  Hatchery  
  142  30:12  Corruptor x5  
  142  30:13  Corruptor x4  
  160  30:17  Drone x4  
  160  30:18  Drone x3  
  167  30:33  Extractor  
  149  30:36  Extractor  
  144  30:55  Corruptor  
  144  30:56  Corruptor x7  
  152  31:01  Ultralisk x7  
  198  31:13  Queen x3  
  172  32:25  Zergling x2  
  172  32:26  Zergling x4  
  175  32:30  Viper x5  
  175  32:31  Viper x3  
  198  32:43  Drone  
  197  32:48  Brood Lord  
  199  33:09  Hatchery  
Tags
 
Add a new tag
Caveats
  • Supply blocks, unpowered buildings, or Contaminate may cause inaccurate times.
  • Supply counts are checked every 10 seconds.